 Dungeon Crawl Stone Soup version 0.28-b1-25-g9875b3fc8c (webtiles) character file.

Game seed: 1869058463980301973

39 Crownlay the Skirmisher (level 3, 0/34 HPs)
             Began as a Minotaur Monk on Feb 8, 2022.
             Slain by Sigmund (1 damage)
             ... on level 2 of the Dungeon.
             The game lasted 00:01:50 (1182 turns).

Crownlay the Skirmisher (Minotaur Monk)             Turns: 1182, Time: 00:01:51

Health: 0/34       AC:  3    Str: 15    XL:     3   Next: 28%
Magic:  2/2        EV: 13    Int:  7    God:
Gold:   59         SH:  0    Dex: 14    Spells: 2/2 levels left

rFire   . . .      SeeInvis .   a - +0 spear
rCold   . . .      Faith    .   (no shield)
rNeg    . . .      Spirit   .   b - +0 robe
rPois   .          Reflect  .   (helmet restricted)
rElec   .          Harm     .   (no cloak)
rCorr   .          Rampage  .   (no gloves)
Will    .....                   c - +0 pair of boots
Stlth   ++........              (no amulet)
HPRegen 0.11/turn               (no ring)
MPRegen 0.08/turn               (no ring)

@: no status effects
A: horns 2, retaliatory headbutt
a: no special abilities


You were on level 2 of the Dungeon.
You visited 1 branch of the dungeon, and saw 2 of its levels.

You collected 59 gold pieces.

Inventory:

Hand Weapons
 a - a +0 spear (weapon)
Armour
 b - a +0 robe (worn)
 c - a +0 pair of boots (worn)
 f - a +0 leather armour
Scrolls
 d - 2 scrolls of immolation
 g - a scroll of teleportation {unknown}
Potions
 e - a potion of lignification {unknown}


   Skills:
 + Level 4.5 Fighting
 + Level 4.5 Polearms
 - Level 3.3 Dodging
 - Level 1.6 Stealth


You had 2 spell levels left.
You didn't know any spells.
Your spell library was empty.

Dungeon Overview and Level Annotations

Branches:
Dungeon (2/15)

Altars:

Annotations:
D:2 Sigmund


Innate Abilities, Weirdness & Mutations

You have a pair of horns on your head.
You reflexively headbutt those who attack you in melee.


Message History

Sigmund the Dreaded comes into view.
He is wielding a +4 scythe of flaming.
Sigmund shouts!
You hear a shout!
A kobold opens the door.
Sigmund moves out of view.
There is an open door here.
You reach to attack!
You barely miss the kobold. You barely miss the kobold.
The kobold hits you with a +0 club.
You hit the kobold. You headbutt the kobold.
You kill the kobold!
You reach to attack!
You closely miss Sigmund. Sigmund barely misses you.
You reach to attack!
You closely miss Sigmund.
Sigmund mumbles some strange words.
Sigmund flickers and vanishes!
Deactivating autopickup; reactivate with Ctrl-A.
No target in view!
No target in view!
You see here a +0 club.
There is an open door here.
Something barely misses you.
You see here a +0 club.
You barely miss something. You headbutt something! You closely miss something.
You headbutt something! Something hits you! Something burns you.
You hit something but do no damage. You miss something.
Your headbutt misses something.
You hear some strange, mumbled words.
A puff of flame appears from out of thin air!
The puff of flame misses you.
You barely miss something. Something hits you. Something burns you.
You completely miss something. You barely miss something. Something hits you!
* * * LOW HITPOINT WARNING * * *
Something burns you.
* * * LOW HITPOINT WARNING * * *
You miss something. You closely miss something. Your headbutt misses something.
Something hits you.
* * * LOW HITPOINT WARNING * * *
Something burns you.
* * * LOW HITPOINT WARNING * * *
You barely miss something. You headbutt something! Something hits you.
You die...

.. ####. .# ...
#.... .# ....
####... .##....
#...... .......
#.....# .......
#.....# .......
#.....###.......
#.....{@'.......
#.....###.......
###....†#
##...#+#
........###
#.#.#.#
....##....#
#.#.#.# ....
#....###.#.#.#
...
#............#
..
#.#+####.#.###
#. #†#.#


There were no monsters in sight!

Vanquished Creatures
  2 dart slugs (D:1)
  An endoplasm (D:1)
  A giant cockroach (D:1)
  4 goblins (D:1)
  4 hobgoblins
  2 quokkas (D:1)
  4 ball pythons (D:1)
  3 bats (D:1)
  2 frilled lizards
  7 kobolds
  6 rats (D:1)
36 creatures vanquished.

Vanquished Creatures (others)
  2 plants (D:1)
2 creatures vanquished.

Grand Total: 38 creatures vanquished

Notes
Turn   | Place    | Note
-------+----------+-------------------------------------------
     0 | D:1      | Crownlay the Minotaur Monk began the quest for the Orb.
     0 | D:1      | Reached XP level 1. HP: 19/19 MP: 0/0
   208 | D:1      | Reached XP level 2. HP: 24/27 MP: 1/1
   791 | D:1      | Reached XP level 3. HP: 34/34 MP: 2/2
  1163 | D:2      | Noticed Sigmund
  1181 | D:2      | HP: 1/34 [something (2)]
  1182 | D:2      | Slain by Sigmund

Illustrated notes

Levels and vault maps discovered:
D:1:      elethiomel_arrival_maze, layout_basic, grunt_decor_cap,
          serial_bayou_pond_b, chequers_hall_statues_corner_a
D:2:      layout_basic, shapermc_ecumenical_altar_petra, uniq_sigmund,
          uniq_robin, uniq_jessica

Skill      XL: |  1  2 |
---------------+-------+-----
Polearms       | 4 |  4.5
Fighting       | 4 |  4.5
Dodging        | |  3.3
Stealth        | |  1.6

Action                   || total
-------------------------++-------
Melee: Spear             ||    99
       Headbutt          ||    17
       Punch             ||     1
  Use: Scroll            ||     1
 Stab: Sleeping          ||     6
Armor: Robe              ||    13
Dodge: Dodged            ||    26
